 Dungeon Crawl Stone Soup version 0.28.0 (webtiles) character file.

Game seed: 17696306634714945637

10061 Dirian the Cleaver (level 11, -5/102 HPs)
             Began as a Hill Orc Wanderer on Feb 15, 2022.
             Was an Elder of Nemelex Xobeh.
             Slain by a yaktaur (10 damage)
             ... on level 10 of the Dungeon.
             The game lasted 00:21:45 (12164 turns).

Dirian the Cleaver (Hill Orc Wanderer)             Turns: 12164, Time: 00:21:45

Health: -5/102     AC: 15    Str: 23    XL:     11   Next: 56%
Magic:  17/17      EV: 12    Int: 10    God:    Nemelex Xobeh [****..]
Gold:   258        SH:  5    Dex: 19    Spells: 10/10 levels left

rFire   . . .      SeeInvis .   m - +3 battleaxe (elec)
rCold   . . .      Faith    .   (shield currently unavailable)
rNeg    . . .      Spirit   .   b - +1 chain mail of Resourcefulness {Fly Dex+4}
rPois   .          Reflect  +   K - +0 helmet
rElec   .          Harm     .   (no cloak)
rCorr   .          Rampage  .   v - +1 pair of gloves
Will    .....                   (no boots)
Stlth   ..........              D - amulet of reflection
HPRegen 0.27/turn               f - +4 ring of evasion
MPRegen 0.15/turn               j - +6 ring of strength

@: flying
A: no striking features
a: Renounce Religion, Draw Escape, Draw Destruction, Draw Summoning, Triple
Draw, Deal Four


You were on level 10 of the Dungeon.
You worshipped Nemelex Xobeh.
Nemelex Xobeh was greatly pleased with you.
You visited 1 branch of the dungeon, and saw 10 of its levels.
You also visited: Ossuary.

You collected 656 gold pieces.
You spent 398 gold pieces at shops.

Inventory:

Hand Weapons
 m - a +3 battleaxe of electrocution (weapon)
 C - a +0 war axe
 I - a +3 battleaxe
Missiles
 G - 7 poisoned darts (quivered)
Armour
 b - the +1 chain mail of Resourcefulness (worn) {Fly Dex+4}
   (You found it on level 5 of the Dungeon)

   Dex:       It affects your dexterity (+4).
   Fly:       It grants you flight.
 s - a +0 plate armour
 v - a +1 pair of gloves (worn)
 K - a +0 helmet (worn)
Jewellery
 f - a +4 ring of evasion (left hand)
 j - a +6 ring of strength (right hand)
 D - an amulet of reflection (around neck)
 F - a ring of resist corrosion
Wands
 c - a wand of polymorph (4)
 o - a wand of iceblast (25)
 y - a wand of paralysis (4)
Scrolls
 e - a scroll of immolation
 g - 4 scrolls of fog
 i - a scroll of fear
 l - 8 scrolls of enchant armour
 r - 2 scrolls of identify
 t - 2 scrolls of teleportation
 B - a scroll of silence
 J - a scroll of magic mapping
Potions
 a - 3 potions of mutation
 d - 2 potions of might
 h - 4 potions of haste
 k - 5 potions of flight
 n - 2 potions of resistance
 p - 2 potions of brilliance
 q - 2 potions of curing
 w - 3 potions of heal wounds
 x - a potion of attraction
 z - a potion of lignification
 A - a potion of berserk rage
 E - a potion of invisibility


   Skills:
 * Level 11.4 Fighting
 * Level 12.5(12.7) Axes
 - Level 3.2(7.5) Polearms
 - Level 3.6 Throwing
 + Level 7.5 Armour
 + Level 7.3 Shields
 + Level 8.5 Invocations
 - Level 1.0 Evocations


You had 10 spell levels left.
You didn't know any spells.
Your spell library contained the following spells:

 Spells                   Type           Power      Damage    Failure   Level
 Magic Dart               Conj           0%         1d3       94%         1
 Sting                    Tmut/Pois      0%         1d3       94%         1
 Call Imp                 Summ           0%         N/A       98%         2
 Corpse Rot               Necr/Air       0%         N/A       98%         2
 Poisonous Vapours        Pois/Air       0%         N/A       98%         2
 Dazzling Flash           Conj/Hex       0%         N/A       100%        3
 Mephitic Cloud           Conj/Pois/Air  0%         N/A       100%        3
 Stone Arrow              Conj/Erth      0%         3d7       100%        3
 Animate Armour           Summ/Erth      0%         N/A       100%        4
 Olgreb's Toxic Radiance  Pois           0%         N/A       100%        4
 Agony                    Necr           0%         N/A       100%        5
 Silence                  Hex/Air        0%         N/A       100%        5
 Lehudib's Crystal Spear  Conj/Erth      0%         10d2      100%        8


Dungeon Overview and Level Annotations

Branches:
Dungeon (10/15)            Temple (0/1) D:6            Lair (0/6) D:8
Ossuary (visited)
    Orc: D:9-12

Altars:
Nemelex Xobeh
Okawaru
The Shining One

Shops:
D:6 *   D:10 (

Annotations:
D:10 3 runed translucent doors


Message History

You slash the boulder beetle!
The boulder beetle is moderately wounded.
The boulder beetle bites you. The boulder beetle barely misses you.
You slice the boulder beetle!!
The boulder beetle is heavily wounded.
The boulder beetle bites you!
You hit the boulder beetle but do no damage.
Lightning courses through the boulder beetle!
The boulder beetle is severely wounded.
The boulder beetle bites you!
You hit the boulder beetle.
The boulder beetle is severely wounded.
The boulder beetle leaps!
You slash the boulder beetle!
Lightning courses through the boulder beetle!
The boulder beetle is almost dead.
The boulder beetle closely misses you.
You slash the boulder beetle!
Lightning courses through the boulder beetle!
You kill the boulder beetle!
The yaktaur shoots a bolt.
The bolt closely misses you.
You hear a shout!
The yaktaur shoots a bolt.
The bolt closely misses you.
You hear a bellow!
The yaktaur shoots a bolt.
The bolt hits you!!
* * * LOW HITPOINT WARNING * * *
The yaktaur shoots a bolt.
The bolt barely misses you.
There is an open door, spattered with blood here.
Items here: )) ††.
You draw a card...
You have drawn the Cloud.
Clouds appear around you!
The yaktaur shoots a bolt.
You reflect the bolt off an invisible shield around you!
The bolt hits the yaktaur!!
The yaktaur unwields a +0 arbalest.
The yaktaur hits you!
* * * LOW HITPOINT WARNING * * *
You slice the yaktaur!!
The yaktaur is almost dead.
The yaktaur hits you!
You die...
Your body glows with a rainbow of weird colours and disappears.

#.....#)####
#######)#...
#.......#... #####
#.......#... #.).#
#.......#... #...#
#.......#... #...#
#########... ##+###§##
#........... #".)#§@§#
#........... #...#§c§#
#...........
#?.$#§§§####...........
######'##..............
#...#...#..............
+...†...#..............
#...#.[.#...######.....
#######'##...# #.....
.............# #.....


You could see a yaktaur.

Vanquished Creatures
  A rakshasa (D:10)
  2 boulder beetles (D:10)
  2 two-headed ogres
  A skeletal warrior (D:10)
  A wizard (D:10)
  Pikel (D:9)
  Maggie (D:9)
  A kobold demonologist (D:10)
  An unseen horror (D:10)
  Prince Ribbit (D:6)
  A hornet (D:9)
  2 wraiths (D:9)
  Sigmund (D:4)
  3 yaks (D:10)
  2 steam dragons
  Menkaure (D:4)
  2 water moccasins
  Edmund (D:4)
  3 orc warriors
  Duvessa (D:5)
  2 ice beasts
  An ogre (D:5)
  3 centaurs
  3 lemures (D:9)
  A kobold brigand (D:8)
  2 bullfrogs
  A scorpion (D:7)
  Dowan (D:5)
  A water moccasin skeleton (D:7)
  3 killer bees (D:9)
  A howler monkey (D:6)
  7 wights
  2 bullfrog skeletons
  A centaur zombie (D:8)
  2 hounds (D:6)
  4 orc priests
  A centaur skeleton (D:6)
  Natasha (thrice) (D:4)
  2 iguanas
  6 orc wizards
  8 mummies (Ossuary)
  2 howler monkey zombies
  3 adders
  4 dart slugs
  2 worms
  20 orcs
  8 ball pythons
  5 endoplasms
  2 giant cockroaches
  2 gnoll zombies (Ossuary)
  13 goblins
  4 hobgoblins
  6 jackals
  3 quokkas
  4 bats
  5 frilled lizards
  A hobgoblin zombie (Ossuary)
  16 kobolds
  3 kobold zombies (Ossuary)
  2 orc zombies (Ossuary)
  6 rats
195 creatures vanquished.

Vanquished Creatures (collateral kills)
  A steam dragon (D:5)
  An orc warrior (D:7)
  A scorpion (D:5)
  A hound (D:5)
  2 orc priests (D:7)
  4 gnolls (D:5)
  An adder (D:5)
  2 orcs
13 creatures vanquished.

Vanquished Creatures (others)
  A bullfrog (D:8)
  An orc (D:8)
  2 fungi (D:3)
4 creatures vanquished.

Grand Total: 212 creatures vanquished

Notes
Turn   | Place    | Note
-------+----------+-------------------------------------------
     0 | D:1      | Dirian the Hill Orc Wanderer began the quest for the Orb.
     0 | D:1      | Dirian set off with the following items: a +2 dagger, 2
                  | curare-tipped darts, a +0 spear, a wand of polymorph (3), a
                  | +0 leather armour
     0 | D:1      | Reached XP level 1. HP: 14/14 MP: 1/1
   128 | D:1      | Reached skill level 1 in Axes
   179 | D:1      | Reached skill level 1 in Fighting
   179 | D:1      | Reached XP level 2. HP: 21/23 MP: 2/2
   542 | D:1      | Reached skill level 1 in Shields
   561 | D:1      | Reached XP level 3. HP: 5/28 MP: 3/3
  1167 | D:2      | Found a faded altar of an unknown god.
  1171 | D:2      | Prayed at the altar of an unknown god.
  1171 | D:2      | Became a worshipper of Nemelex Xobeh the Trickster
  1171 | D:2      | Reached * piety under Nemelex Xobeh
  1171 | D:2      | Received a gift from Nemelex Xobeh
  1229 | D:2      | Reached skill level 2 in Axes
  1704 | D:2      | Found a glowing golden altar of the Shining One.
  2254 | D:3      | Reached XP level 4. HP: 23/37 MP: 4/4
  2377 | D:3      | Found an iron altar of Okawaru.
  2572 | D:3      | Reached skill level 3 in Axes
  2830 | D:3      | Received a gift from Nemelex Xobeh
  2868 | D:3      | Reached ** piety under Nemelex Xobeh
  3118 | D:3      | Reached XP level 5. HP: 25/44 MP: 5/5
  3922 | D:4      | Noticed Natasha
  3940 | D:4      | Killed Natasha
  4280 | D:4      | Noticed Natasha
  4297 | D:4      | Killed Natasha
  4298 | D:4      | Reached skill level 4 in Axes
  4391 | D:4      | Received a gift from Nemelex Xobeh
  4421 | D:4      | Noticed Natasha
  4428 | D:4      | Killed Natasha
  4429 | D:4      | Reached XP level 6. HP: 50/51 MP: 7/7
  4528 | D:4      | Noticed Menkaure
  4540 | D:4      | Killed Menkaure
  4787 | D:4      | Noticed Sigmund
  4796 | D:4      | Killed Sigmund
  4797 | D:4      | Reached skill level 5 in Axes
  4797 | D:4      | Reached XP level 7. HP: 60/60 MP: 7/9
  4833 | D:4      | Noticed Edmund
  4861 | D:4      | Killed Edmund
  5230 | D:5      | Entered Level 5 of the Dungeon
  5230 | D:5      | Reached *** piety under Nemelex Xobeh
  5316 | D:5      | Noticed a steam dragon
  5319 | D:5      | Killed a steam dragon
  5320 | D:5      | Reached skill level 5 in Fighting
  5337 | D:5      | Identified the +1 chain mail of Resourcefulness {Fly Dex+4}
  5345 | D:5      | Reached skill level 6 in Axes
  5422 | D:5      | Reached XP level 8. HP: 55/69 MP: 10/10
  5492 | D:5      | Noticed Duvessa
  5494 | D:5      | Noticed Dowan
  5538 | D:5      | Killed Duvessa
  5548 | D:5      | Killed Dowan
  5666 | D:5      | Received a gift from Nemelex Xobeh
  6188 | D:6      | Found a staircase to the Ecumenical Temple.
  6211 | D:6      | Reached skill level 7 in Axes
  6266 | D:6      | Found Oniow's Overcharged Wands.
  6375 | D:6      | Found a sand-covered staircase.
  6384 | Ossuary  | Entered an ossuary
  7007 | D:6      | Noticed Prince Ribbit
  7020 | D:6      | Killed Prince Ribbit
  7021 | D:6      | Reached XP level 9. HP: 79/79 MP: 12/12
  7249 | D:7      | Reached skill level 8 in Axes
  7249 | D:7      | Reached skill level 5 in Invocations
  7250 | D:7      | Identified the +0 ring mail of Purphyivu {Rampage rPois rN+
                  | Will-}
  7647 | D:7      | Reached skill level 5 in Armour
  7679 | D:7      | Reached **** piety under Nemelex Xobeh
  7679 | D:7      | Received a gift from Nemelex Xobeh
  7965 | D:8      | Reached skill level 5 in Shields
  7969 | D:8      | Reached skill level 9 in Axes
  8817 | D:8      | Found a staircase to the Lair.
  8898 | D:8      | Identified the +5 dagger of Regicide {antimagic, *Rage
                  | Str+2 Dex+3 SInv}
  8943 | D:9      | Noticed a hornet
  8951 | D:9      | Killed a hornet
  8952 | D:9      | Reached XP level 10. HP: 90/90 MP: 14/14
  9060 | D:9      | Received a gift from Nemelex Xobeh
  9089 | D:9      | Reached skill level 10 in Axes
  9885 | D:9      | Noticed Pikel
  9897 | D:9      | Killed Pikel
 10072 | D:9      | Noticed Maggie
 10080 | D:9      | Killed Maggie
 10175 | D:9      | Noticed a two-headed ogre
 10184 | D:9      | Killed a two-headed ogre
 10185 | D:9      | Reached skill level 10 in Fighting
 10185 | D:9      | Reached skill level 11 in Axes
 10414 | D:9      | Received a gift from Nemelex Xobeh
 10596 | D:10     | Entered Level 10 of the Dungeon
 10596 | D:10     | Found a runed translucent gate.
 10596 | D:10     | Found a runed translucent gate.
 10596 | D:10     | Found a runed translucent gate.
 10639 | D:10     | Noticed a kobold demonologist
 10668 | D:10     | Killed a kobold demonologist
 11200 | D:10     | Killed an unseen horror
 11201 | D:10     | Reached XP level 11. HP: 67/101 MP: 16/16
 11436 | D:10     | Found Xionweuc's Weapon Shoppe.
 11439 | D:10     | Bought a +3 battleaxe of electrocution for 398 gold pieces
 11537 | D:10     | Noticed a rakshasa
 11546 | D:10     | Killed a rakshasa
 11816 | D:10     | Noticed a boulder beetle
 11827 | D:10     | Killed a boulder beetle
 11828 | D:10     | Reached skill level 12 in Axes
 11995 | D:10     | Noticed a wizard
 12000 | D:10     | Killed a wizard
 12001 | D:10     | Noticed a faun
 12003 | D:10     | a faun changed into a swamp worm
 12006 | D:10     | Noticed a skeletal warrior
 12006 | D:10     | Noticed a two-headed ogre
 12012 | D:10     | Killed a two-headed ogre
 12013 | D:10     | Killed a skeletal warrior
 12132 | D:10     | Noticed a boulder beetle
 12158 | D:10     | Killed a boulder beetle
 12163 | D:10     | HP: 5/102 [yaktaur (11)]
 12164 | D:10     | Slain by a yaktaur

Illustrated notes

Levels and vault maps discovered:
D:1:      minmay_arrival_radiant_lines, layout_basic
D:2:      layout_loops_cross, nicolae_ecumenical_oubliette, basic_altar,
          hex_tiny
D:3:      layout_loops_cross, mainiacjoe_overflow_boulevard,
          roderic_roman_lattice, palyth_stone_intersect
D:4:      layout_basic, minivault_19, hangedman_decor_points,
          minmay_crystal_room, amcnicky_mini_rare_corridor_liquid,
          sigmund_edmund_badplayer, uniq_menkaure, uniq_natasha
D:5:      layout_cave_pods, uniq_duvessa
D:6:      layout_rooms, minmay_temple_entry_drinking_statues, serial_glass,
          glass_columns_c, glass_columns_a, nicolae_ossuary_entry_ruins,
          wad_floor_pattern_untrapped, nicolae_shop_overcharged_wands,
          uniq_prince_ribbit1
D:7:      layout_loops_cross, nicolae_underground_beach
D:8:      layout_rooms, lair_entry_dummy
D:9:      layout_stronghold, uniq_pikel, uniq_maggie
D:10:     layout_gridville, gammafunk_ghost_ooze, serial_shops,
          nicolae_shop_behind_doors, minmay_evil_grid

Skill      XL: |  1  2  3  4  5  6  7  8  9 10 11 |
---------------+----------------------------------+-----
Axes           | 1 2 3 4 5 6 7 9 11 12 | 12.5
Fighting       | 1 2 3 4 5 7 8 10 11 | 11.4
Shields        | 1 2 3 4 5 6 7 |  7.3
Armour         | 2 3 4 5 6 7 |  7.5
Invocations    | 2 3 4 6 7 8 |  8.5
Polearms       | |  3.2
Throwing       | |  3.6
Evocations     | |  1.0

Action                   |  1- 3 |  4- 6 |  7- 9 | 10-12 || total
-------------------------+-------+-------+-------+-------++-------
Melee: Dagger            |   114 |   167 |   309 |       ||   590
       Punch             |     1 |       |     4 |       ||     5
       Short sword       |    51 |       |       |       ||    51
       War axe           |       |       |   108 |       ||   108
       Battleaxe         |       |       |     9 |   151 ||   160
Invok: Draw Summoning    |       |       |     3 |     1 ||     4
       Draw Destruction  |       |       |    16 |    15 ||    31
       Draw Escape       |       |       |       |     1 ||     1
Evoke: Wand              |       |       |     2 |       ||     2
  Use: Scroll            |       |    11 |    11 |       ||    22
       Potion            |       |     2 |     1 |       ||     3
 Stab: Paralysed         |       |       |     6 |       ||     6
Armor: Scale mail        |    73 |    53 |       |       ||   126
       Leather armour    |     3 |       |       |       ||     3
       Chain mail        |       |       |   201 |   120 ||   321
       Skin              |       |       |    12 |       ||    12
Dodge: Dodged            |    60 |    53 |   187 |   102 ||   402
Block: Other             |     8 |    22 |    87 |    42 ||   159
       Reflection        |       |       |     3 |     3 ||     6
